 Dungeon Crawl Stone Soup version 0.20.0-15-g7f486f2 (webtiles) character file.

98 Hasart the Magician (level 4, -8/30 HPs)
             Began as a Demonspawn Wizard on June 12, 2017.
             Killed by nerve-wracking pain
             ... invoked by an orc priest
              (12 damage)
             ... on level 3 of the Dungeon.
             The game lasted 00:07:59 (3268 turns).

Hasart the Magician (Demonspawn Wizard)             Turns: 3268, Time: 00:08:00

Health: -8/30      AC:  4    Str:  8    XL:     4   Next: 43%
Magic:  1/9        EV: 12    Int: 20    God:
Gold:   60         SH:  0    Dex: 11    Spells: 2/10 levels left

rFire    . . .     SeeInvis .   x - +0 short sword
rCold    . . .     Gourm    .   (no shield)
rNeg     . . .     Faith    .   a - +0 robe
rPois    .         Spirit   .   s - +0 helmet (curse)
rElec    .         Reflect  .   (no cloak)
rCorr    .         Harm     .   (no gloves)
MR       .....                  (no boots)
Stlth    +++.......             (no amulet)
Regen    0.1/turn               (no ring)
MPRegen  0.2/turn               (no ring)

@: flying
A: rugged brown scales 1, nightstalker 1
a: no special abilities


You were on level 3 of the Dungeon.
You were not hungry.

You visited 1 branch of the dungeon, and saw 3 of its levels.

You collected 60 gold pieces.

Inventory:

Hand Weapons
 x - a +0 short sword (weapon)
Armour
 a - a +0 robe (worn)
 b - a +0 hat
 s - a cursed +0 helmet (worn)
Scrolls
 e - 2 scrolls of enchant armour {unknown}
 f - a scroll of fog {unknown}
 i - a scroll of immolation {unknown}
 j - 2 scrolls of amnesia {unknown}
 k - 5 scrolls of identify {unknown}
 l - 2 scrolls of teleportation {unknown}
 q - a scroll of enchant weapon {unknown}
 t - a scroll of noise {unknown}
 u - a scroll of blinking {unknown}
 v - a scroll of remove curse {unknown}
Potions
 g - a potion of lignification {unknown}
 m - a potion of curing {unknown}
 o - a potion of mutation {unknown}
 r - a potion of flight
Books
 c - a book of Minor Magic

   Spells                             Type                      Level
   a - Magic Dart                     Conjuration                  1
   b - Blink                          Translocation                2
   c - Call Imp                       Summoning                    2
   d - Slow                           Hexes                        2
   e - Conjure Flame                  Conjuration/Fire             3
   f - Mephitic Cloud                 Conjuration/Poison/Air       3
Comestibles
 d - 2 bread rations
 n - 2 royal jellies
 p - 2 meat rations


   Skills:
 - Level 2.1 Dodging
 - Level 1.9 Stealth
 + Level 3.8 Spellcasting
 * Level 2.0 Conjurations
 + Level 1.6 Summonings
 - Level 0.8 Translocations
 + Level 1.0 Air Magic
 + Level 1.0 Poison Magic


You had 2 spell levels left.
You knew the following spells:

 Your Spells              Type           Power        Failure   Level  Hunger
a - Magic Dart            Conj           ##..         6%          1    None
b - Blink                 Tloc           N/A          14%         2    ##.....
c - Call Imp              Summ           ##......     11%         2    ##.....
d - Mephitic Cloud        Conj/Pois/Air  #.......     22%         3    ###....


Dungeon Overview and Level Annotations

Branches:
Dungeon (3/15)

Altars:
Trog


Innate Abilities, Weirdness & Mutations

You are partially covered in rugged brown scales. (AC +1, +3% HP)
You are slightly more attuned to the shadows.


Message History

Confirm with . or Enter, or press ? or * to list all spells.
Aiming: Magic Dart
Press: ? - help, Shift-Dir - straight line, f/p - orc priest
Aim: an orc priest, wearing a chain mail (severely wounded)
The magic dart hits the orc priest.
The orc priest is severely wounded.
The orc priest calls upon Beogh to heal the orc priest.
The orc priest is healed somewhat.
The orc priest closely misses you.
You see here a +0 hand axe.
The orc priest invokes the aid of Beogh against you.
Beogh smites you!
* * * LOW HITPOINT WARNING * * *
It was a potion of flight.
You feel very buoyant.
You fly up into the air.
The orc priest looks braver for a moment.
Unknown command.
The orc priest calls down the wrath of Beogh upon you.
Pain shoots through your body!
You die...

####..# #.....#
##+###.....#
#...##.....##
#...##......# ##
#...######..# ...
#...# #..# ....
#...######..##
...o.###.#oo...@...#
#))o..#.......>.#
#.#####..######.# #
###### ##.#####
###...###......#
##....)).##.###.#
#.).._...)### #.#
##.........#####.#
#....###....#....#


You could see 2 orc priests.

Vanquished Creatures
  3 adders (D:3)
  2 oozes
  A worm (D:3)
  2 dart slugs (D:1)
  2 leopard geckos (D:1)
  3 orcs (D:3)
  3 giant cockroaches (D:1)
  2 goblins
  6 hobgoblins
  3 jackals (D:3)
  7 kobolds
  A quokka (D:3)
  A ball python (D:1)
  4 bats
  4 frilled lizards
  10 rats
54 creatures vanquished.

Notes
Turn   | Place    | Note
-------+----------+-------------------------------------------
     0 | D:1      | Hasart the Demonspawn Wizard began the quest for the Orb.
     0 | D:1      | Reached XP level 1. HP: 13/13 MP: 4/4
   513 | D:1      | Gained mutation: You are partially covered in rugged brown scales. (AC +1, +3% HP) [demonic ancestry]
   513 | D:1      | Reached XP level 2. HP: 4/19 MP: 0/6
  1312 | D:1      | Reached XP level 3. HP: 24/24 MP: 5/8
  1372 | D:1      | Learned a level 2 spell: Call Imp
  1375 | D:1      | Learned a level 2 spell: Blink
  1379 | D:1      | Learned a level 3 spell: Mephitic Cloud
  2600 | D:3      | Reached skill level 1 in Poison Magic
  2600 | D:3      | Gained mutation: You are slightly more attuned to the shadows. [demonic ancestry]
  2600 | D:3      | Reached XP level 4. HP: 20/30 MP: 0/9
  2884 | D:3      | Noticed a moth of wrath
  2885 | D:3      | Reached skill level 1 in Air Magic
  3119 | D:3      | Found a bloodstained altar of Trog.
  3268 | D:3      | Killed from afar by an orc priest

Skill      XL: |  1  2  3  4 |
---------------+-------------+-----
Dodging        | 2 |  2.1
Poison Magic   | 1 |  1.0
Air Magic      | 1 |  1.0
Conjurations   | 2 |  2.0
Stealth        | |  1.9
Spellcasting   | |  3.8
Summonings     | |  1.6
Translocations | |  0.8

Action                   |  1- 3 |  4- 6 || total
-------------------------+-------+-------++-------
Melee: Hand axe          |    33 |     9 ||    42
       Unarmed           |     3 |       ||     3
       Short sword       |       |     6 ||     6
 Cast: Magic Dart        |   117 |    44 ||   161
       Call Imp          |       |     2 ||     2
       Mephitic Cloud    |       |     1 ||     1
  Use: Potion            |       |     1 ||     1
 Stab: Sleeping          |       |     1 ||     1
  Eat: Chunk             |     4 |     3 ||     7
Armor: Robe              |    15 |    10 ||    25
Dodge: Dodged            |    29 |    23 ||    52
